Map: Heavy Artillery LE

Players

hazey

  • Race: Terran Terran

Llama

  • Race: Zerg Zerg

Throwfordays - Winner!

  • Race: Protoss Protoss

Faust - Winner!

  • Race: Zerg Zerg

VOD

Have the link to the VOD?

Description

Time

  • Played on: April 9, 2021, 4:48 p.m.
  • Length: 9:31
Show
View Real Time Build Order
Export as new Build Order

hazey Terran 

Build Orders:  

Get SALT Encoding   

  12  0:01  SCV  
  13  0:13  SCV  
  14  0:18  Supply Depot  
  14  0:25  SCV  
  15  0:39  Refinery  
  15  0:40  SCV  
  16  0:45  Barracks  
  16  0:52  SCV  
  17  1:02  Barracks  
  17  1:04  SCV  
  18  1:19  SCV  
  19  1:31  SCV  
  19  1:32  Marine  
  21  1:39  Refinery  
  21  1:44  SCV  
  22  1:50  Marine  
  22  1:52  Supply Depot  
  23  2:13  Marine  
  23  2:14  Command Center  
  24  2:18  SCV  
  24  2:22  Marine  
  26  2:31  SCV  
  27  2:45  SCV, Factory  
  27  2:49  Supply Depot  
  28  2:52  Marine  
  28  2:58  Marine  
  29  3:00  SCV  
  31  3:13  Marine  
  31  3:18  Reaper  
  33  3:27  SCV  
  33  3:31  Reaper  
  33  3:32  SCV  
  36  3:39  SCV  
  37  3:44  SCV  
  38  3:50  Reaper  
  38  3:51  SCV  
  40  3:56  SCV  
  41  4:03  SCV  
  41  4:04  Reaper  
  43  4:13  SCV  
  43  4:14  Starport  
  43  4:15  SCV  
  45  4:38  Barracks Tech Lab x2  
  45  4:40  Factory Tech Lab  
  45  5:20  SCV x2  
  47  5:24  Siege Tank  
  47  5:26  Marauder x2  
  47  5:28  Combat Shield  
  54  5:30  Starport Reactor  
  54  5:53  Refinery x2  
  54  5:55  Command Center  
  54  5:58  Armory  
  54  6:02  Engineering Bay  
  54  6:43  SCV  
  54  6:53  SCV  
  54  6:55  SCV  
  54  6:57  Siege Tank  
  52  7:06  SCV  
  52  7:07  SCV  
  51  7:11  Marauder x2  
  51  7:18  SCV, Medivac x2  
  56  7:29  Siege Tank  
  59  7:30  SCV  
  59  7:32  Marauder  
  59  7:33  Marauder  
  59  7:37  Barracks x2  
  64  7:52  Medivac x2  
  68  7:59  Concussive Shells  
  68  8:13  SCV  
  69  8:21  Supply Depot  
  69  8:23  Supply Depot x2  
  69  8:34  SCV, Marauder  
  69  8:35  Marauder  
  55  8:46  SCV  
  55  8:55  Marauder  
  57  8:57  Marauder  
  57  8:58  SCV  
  56  9:10  SCV  
Show
View Real Time Build Order
Export as new Build Order

Llama Zerg 

Build Orders: Pool First 

Get SALT Encoding   

  12  0:03  Drone  
  13  0:08  Drone  
  14  0:16  Overlord  
  14  0:23  Extractor  
  14  0:24  Drone  
  14  0:41  Spawning Pool  
  13  0:44  Drone  
  14  0:51  Overlord  
  14  0:56  Drone  
  15  1:01  Drone  
  16  1:08  Drone  
  17  1:20  Drone  
  18  1:37  Zergling x2  
  18  1:38  Hatchery  
  18  1:45  Queen  
  20  1:53  Drone  
  21  1:56  Zergling x2  
  22  2:08  Extractor  
  21  2:14  Zergling x4  
  23  2:35  Roach Warren  
  22  2:39  Drone x2  
  24  2:55  Drone x2  
  24  3:21  Lair  
  24  3:25  Drone x2  
  24  3:26  Drone x4  
  30  3:29  Queen  
  32  3:56  Drone x2  
  34  4:06  Overlord x3  
  34  4:07  Overlord  
  34  4:22  Glial Reconstitution  
  34  4:37  Roach x3  
  40  4:39  Roach x3  
  46  4:49  Drone  
  47  4:59  Hydralisk Den  
  46  5:30  Hydralisk x7  
  46  5:31  Hydralisk x3  
  66  5:39  Muscular Augments  
  48  7:14  Hydralisk  
  48  7:15  Hydralisk x4  
  44  7:16  Roach x5, Hydralisk x2  
  44  7:17  Roach x2  
  68  7:37  Extractor  
  67  7:38  Drone  
  67  7:40  Extractor  
  67  7:50  Tunneling Claws  
  67  8:06  Grooved Spines  
  67  8:12  Hatchery  
  66  8:19  Evolution Chamber  
  65  8:26  Evolution Chamber  
  64  8:32  Drone x4  
Show
View Real Time Build Order
Export as new Build Order

Throwfordays Protoss - Winner!

Build Orders: 1 Gate Expand 

Get SALT Encoding   

  12  0:00  Probe  
  13  0:12  Probe  
  14  0:19  Pylon  
  14  0:25  Probe  
  15  0:39  Gateway  
  15  0:41  Probe  
  16  0:57  Pylon  
  16  0:58  Gateway  
  16  1:04  Probe  
  17  1:21  Assimilator  
  17  1:26  Nexus  
  17  1:34  Pylon  
  17  1:42  Probe (Chrono Boost)  
  18  1:53  Probe (Chrono Boost)  
  19  1:58  Cybernetics Core  
  19  2:13  Gateway  
  19  2:15  Gateway  
  19  2:24  Assimilator  
  19  2:27  Probe  
  19  2:29  Zealot (Chrono Boost)  
  20  2:31  Warp Gate (Chrono Boost)  
  22  2:47  Adept (Chrono Boost)  
  22  2:49  Probe  
  25  3:00  Adept  
  25  3:02  Adept  
  25  3:03  Probe (Chrono Boost)  
  31  3:06  Probe (Chrono Boost)  
  31  3:13  Probe (Chrono Boost)  
  32  3:27  Probe  
  32  3:30  Probe  
  34  3:38  Pylon  
  35  3:42  Probe (Chrono Boost)  
  35  3:44  Probe (Chrono Boost)  
  36  3:52  Probe (Chrono Boost)  
  36  3:54  Probe (Chrono Boost)  
  38  3:56  Gateway  
  38  3:57  Probe (Chrono Boost)  
  39  4:03  Assimilator  
  39  4:06  Assimilator  
  39  4:08  Probe  
  40  4:10  Probe  
  41  4:20  Probe  
  41  4:22  Probe  
  43  4:32  Probe  
  43  4:34  Probe  
  43  4:36  Forge  
  45  4:41  Pylon  
  45  4:46  Probe  
  45  4:48  Probe  
  47  5:00  Probe  
  48  5:07  Adept x3  
  48  5:08  Adept  
  48  5:12  Probe  
  57  5:31  Protoss Ground Weapons Level 1  
  57  5:34  Probe  
  58  5:40  Stargate  
  58  5:41  Stargate  
  58  5:46  Probe  
  59  5:59  Probe  
  60  6:13  Stalker x4  
  60  6:18  Probe  
  69  6:34  Pylon  
  69  6:36  Pylon  
  69  6:39  Pylon  
  69  6:41  Pylon  
  65  6:59  Stalker x3  
  69  7:23  Oracle  
  69  7:24  Oracle, Gateway  
  75  7:34  Pylon  
  75  7:36  Pylon, Protoss Air Weapons Level 1 (Chrono Boost)  
  75  7:38  Pylon  
  75  7:40  Probe  
  76  7:56  Void Ray x2  
  76  8:02  Fleet Beacon  
  84  8:08  Cybernetics Core  
  84  8:11  Pylon  
  84  8:18  Nexus  
  84  8:20  Pylon  
  84  8:26  Assimilator  
  84  8:30  Assimilator  
Show
View Real Time Build Order
Export as new Build Order

Faust Zerg - Winner!

Build Orders: Hatch First 

Get SALT Encoding   

  12  0:00  Drone  
  13  0:08  Drone  
  14  0:14  Extractor  
  14  0:15  Drone  
  14  0:23  Extractor, Drone  
  14  0:27  Overlord  
  16  0:47  Drone x2  
  18  0:57  Hatchery  
  17  1:10  Spawning Pool  
  16  1:13  Drone  
  17  1:20  Drone  
  18  1:37  Hatchery  
  17  1:45  Drone x2  
  19  1:55  Overlord  
  19  1:58  Queen  
  21  2:08  Queen  
  21  2:12  Drone  
  21  2:13  Drone  
  25  2:18  Zergling x2  
  25  2:21  Drone  
  25  2:22  Drone  
  28  2:29  Zergling x2  
  29  2:32  Zergling x2  
  30  2:42  Zergling x4  
  32  2:49  Overlord  
  31  3:06  Drone  
  31  3:07  Queen, Drone x4  
  38  3:13  Drone x4  
  38  3:16  Zergling x2  
  43  3:21  Drone  
  43  3:22  Drone x4  
  43  3:27  Extractor  
  47  3:28  Extractor  
  47  3:29  Overlord  
  47  3:33  Drone  
  47  3:34  Roach Warren  
  46  3:37  Drone  
  47  3:49  Drone x2  
  47  3:50  Drone x3  
  47  3:53  Extractor x2  
  50  3:56  Drone x3  
  50  3:59  Drone x3  
  56  4:03  Drone  
  56  4:05  Overlord x2  
  57  4:26  Drone x2  
  57  4:27  Drone  
  57  4:28  Drone x2  
  62  4:34  Metabolic Boost  
  62  4:39  Drone x3  
  62  4:41  Extractor  
  64  4:49  Overlord x3  
  64  5:00  Overlord x2  
  61  5:17  Drone x2  
  61  5:18  Drone  
  61  5:19  Drone x5  
  61  5:20  Drone, Overlord  
  61  5:21  Extractor  
  69  5:24  Lair  
  69  5:36  Drone x3  
  72  5:44  Drone x3  
  72  5:47  Spine Crawler  
  72  5:48  Drone x4  
  78  5:50  Spine Crawler, Overlord x2  
  76  6:14  Roach  
  76  6:15  Roach x9  
  96  6:18  Roach  
  96  6:24  Evolution Chamber, Glial Reconstitution  
  97  6:27  Evolution Chamber  
  97  6:29  Hydralisk Den  
  97  6:31  Burrow, Drone x2  
  97  6:32  Drone  
  96  6:34  Roach x5  
  106  6:42  Baneling Nest  
  91  7:14  Zerg Ground Armor Level 1, Zerg Missile Weapons Level 1  
  91  7:16  Roach x11  
  91  7:22  Grooved Spines  
  113  7:28  Lurker Den  
  112  7:33  Roach  
  112  7:34  Roach x3  
  120  7:49  Roach x5  
  120  7:50  Overlord  
  120  7:51  Overlord x6  
  130  7:55  Tunneling Claws  
  130  7:57  Spire  
  129  8:08  Drone  
  130  8:21  Hatchery  
  130  8:22  Extractor  
  130  8:23  Extractor  
  130  8:24  Roach  
  130  8:25  Roach x16  
  135  9:00  Hydralisk x2  
  135  9:01  Hydralisk x7  
  139  9:13  Drone  
  139  9:14  Drone x2  
Tags
 
Add a new tag
Caveats
  • Supply blocks, unpowered buildings, or Contaminate may cause inaccurate times.
  • Supply counts are checked every 10 seconds.